 Dungeon Crawl Stone Soup version 0.23.1 (webtiles) character file.

Game seed: 0

3276 OdinFK the Thaumaturge (level 9, -1/48 HPs)
             Began as a Deep Elf Fire Elementalist on Mar 2, 2019.
             Was a Follower of Vehumet.
             Slain by an orc warrior
             ... wielding a +0 halberd
              (14 damage)
             ... on level 9 of the Dungeon.
             The game lasted 00:30:45 (6478 turns).

OdinFK the Thaumaturge (Deep Elf Fire Elementalist) Turns: 6478, Time: 00:30:46

Health: -1/48      AC:  4    Str:  5    XL:     9   Next: 68%
Magic:  17/24      EV: 14    Int: 24    God:    Vehumet [*.....]
Gold:   459        SH:  0    Dex: 15    Spells: 8/27 levels left

rFire    + . .     SeeInvis .   s - +1 dagger (speed)
rCold    x . .     Gourm    .   (no shield)
rNeg     + . .     Faith    .   a - +0 robe
rPois    .         Spirit   .   (no helmet)
rElec    .         Reflect  .   i - +0 cloak
rCorr    .         Harm     .   g - +0 pair of gloves
MR       .....                  (no boots)
Stlth    ++........             (no amulet)
HPRegen  0.16/turn              b - ring of fire
MPRegen  0.19/turn              o - ring of positive energy

@: no status effects
A: no striking features
a: Renounce Religion


You were on level 9 of the Dungeon.
You worshipped Vehumet.
Vehumet was aware of your devotion.
You were not hungry.

You visited 2 branches of the dungeon, and saw 10 of its levels.

You collected 459 gold pieces.

Inventory:

Hand Weapons
 s - a +1 dagger of speed (weapon)
Armour
 a - a +0 robe (worn)
 g - a +0 pair of gloves (worn)
 i - a +0 cloak (worn)
Jewellery
 b - a ring of fire (left hand)
 o - a ring of positive energy (right hand)
 D - an uncursed ring of wizardry {unknown}
Wands
 w - a wand of paralysis (6)
 A - a wand of iceblast (9)
Scrolls
 d - a scroll of immolation {unknown}
 e - 4 scrolls of identify
 f - 3 scrolls of remove curse
 h - a scroll of random uselessness {unknown}
 j - a scroll of amnesia {unknown}
 k - a scroll of enchant weapon {unknown}
 m - 4 scrolls of blinking {unknown}
 n - a scroll of brand weapon {unknown}
 p - a scroll of holy word {unknown}
 r - a scroll of enchant armour {unknown}
 u - a scroll of acquirement {unknown}
 y - 2 scrolls of teleportation {unknown}
 z - a scroll of noise {unknown}
 E - a scroll of magic mapping
Potions
 l - 5 potions of resistance
 q - 3 potions of flight
 t - a potion of haste
 v - a potion of berserk rage
 x - a potion of lignification
 C - a potion of might
Comestibles
 c - 10 rations
 B - 3 chunks of flesh


   Skills:
 + Level 1.8 Fighting
 + Level 3.3 Short Blades
 + Level 4.3 Dodging
 - Level 3.1 Stealth
 + Level 9.6 Spellcasting
 + Level 8.5 Conjurations
 + Level 7.9 Fire Magic
 + Level 1.2 Ice Magic
 + Level 1.4 Evocations


You had 8 spell levels left.
You knew the following spells:

 Your Spells              Type           Power        Failure   Level  Hunger
a - Flame Tongue          Conj/Fire      #####        1%          1    None
b - Throw Flame           Conj/Fire      ######       1%          2    None
c - Conjure Flame         Conj/Fire      ######..     1%          3    None
d - Sticky Flame          Conj/Fire      ######..     1%          4    #......
e - Throw Icicle          Conj/Ice       #####...     8%          4    #......
f - Fireball              Conj/Fire      ######....   4%          5    ####...

Your spell library contained the following spells:

 Spells                   Type           Power        Failure   Level  Hunger
 Sandblast                Erth           ##....       5%          1    None
 Throw Frost              Conj/Ice       #####.       1%          2    None
 Freeze                   Ice            ###.         3%          1    None
 Inner Flame              Hex/Fire       #####...     3%          3    None
 Ozocubu's Armour         Chrm/Ice       ##......     13%         3    None
 Summon Ice Beast         Ice/Summ       ##......     38%         4    #......


Dungeon Overview and Level Annotations

Branches:
Dungeon (9/15)             Temple (1/1) D:6            Lair (0/6) D:8
    Orc (0/2) D:9

Altars:
Ashenzari
Cheibriados
Dithmenos
Elyvilon
Fedhas
Kikubaaqudgha
Makhleb
Nemelex Xobeh
Okawaru
Qazlal
Ru
Sif Muna
Trog
Vehumet
Wu Jian
Xom
Yredelemnul
Zin
The Shining One

Shops:
D:4 %

Annotations:
D:9 Erolcha


Message History

The shard of ice hits the orc warrior!
The orc warrior is heavily wounded.
The orc warrior hits you from afar with a +0 halberd!
An orc comes into view. It is wielding a +0 dagger.
The orc warrior hits you with a +0 halberd!!
Ouch! That really hurt!
* * * LOW HITPOINT WARNING * * *
The orc moves out of view.
Casting: Throw Icicle (safe; 8% risk of failure)
Confirm with . or Enter, or press ? or * to list all spells.
Okay, then.
Okay, then.
Okay, then.
The orc wizard mumbles some strange words.
The orc wizard seems to speed up.
The orc wizard mumbles some strange words.
The orc wizard flickers and vanishes!
Deactivating autopickup; reactivate with Ctrl-A.
The orc warrior hits you from afar with a +0 halberd!
You die...

......... .....o.
..... .## {.. ..# #{#
#.# #.######'#####
#[o..........#
###..........#
+.@..[...<.#
#........).#
#..........#
########'### #+#
##....# ..### #..####
...# ##'###
########.## #....#
#.........#######..))#


You could see an orc warrior.

Vanquished Creatures
  A two-headed ogre (D:8)
  Grinder (D:5)
  A hungry ghost (D:8)
  4 orc warriors
  An ice beast (D:5)
  2 sky beasts
  2 ogres
  2 centaurs
  Blork the orc (D:4)
  2 bullfrogs
  A water moccasin skeleton (D:7)
  2 scorpions
  3 howler monkeys (D:9)
  4 crimson imps
  A quasit (D:9)
  2 jellies
  2 orc priests
  Crazy Yiuf (D:6)
  3 hounds
  2 orc wizards
  A centaur skeleton (D:8)
  2 bullfrog skeletons
  An iguana (D:7)
  6 worker ants
  3 gnolls (D:9)
  2 adders
  2 worms (D:3)
  2 dart slugs
  4 leopard geckos
  25 orcs
  2 ball pythons
  6 giant cockroaches
  A goblin (D:3)
  4 hobgoblins
  2 jackals (D:4)
  5 kobolds
  5 quokkas
  6 bats
  6 frilled lizards
  A jackal skeleton (D:5)
  A leopard gecko skeleton (D:4)
  7 rats
132 creatures vanquished.

Notes
Turn   | Place    | Note
-------+----------+-------------------------------------------
     0 | D:1      | OdinFK the Deep Elf Fire Elementalist began the quest for
                  | the Orb.
     0 | D:1      | Reached XP level 1. HP: 10/10 MP: 6/6
   169 | D:1      | Reached XP level 2. HP: 10/15 MP: 4/8
   173 | D:1      | Learned a level 2 spell: Throw Flame
   569 | D:2      | Found a snail-covered altar of Cheibriados.
   575 | D:2      | Found a white marble altar of Elyvilon.
   834 | D:3      | Found a blossoming altar of Fedhas.
   842 | D:3      | Reached XP level 3. HP: 19/19 MP: 9/9
  1029 | D:3      | Reached skill level 1 in Short Blades
  1029 | D:3      | Reached XP level 4. HP: 17/24 MP: 7/11
  1043 | D:3      | Found a basalt altar of Yredelemnul.
  1156 | D:3      | Learned a level 3 spell: Conjure Flame
  1161 | D:3      | Learned a level 4 spell: Sticky Flame
  1547 | D:3      | Found a burning altar of Makhleb.
  1547 | D:3      | Noticed an Executioner
  1550 | D:3      | Noticed a hellwing
  1550 | D:3      | Noticed a ynoxinul
  1669 | D:3      | Found a shattered altar of Ashenzari.
  1994 | D:4      | Found a sacrificial altar of Ru.
  2083 | D:4      | Noticed Blork the orc
  2300 | D:4      | Found Kouphoh's Food Shoppe.
  2319 | D:4      | Killed Blork the orc
  2319 | D:4      | Reached skill level 4 in Spellcasting
  2319 | D:4      | Reached XP level 5. HP: 14/28 MP: 8/13
  2408 | D:5      | Entered Level 5 of the Dungeon
  2444 | D:5      | Noticed a sky beast
  2518 | D:4      | Reached XP level 6. HP: 5/33 MP: 0/14
  2711 | D:4      | HP: 1/33 [poisoned by a scorpion]
  2776 | D:5      | Noticed Grinder
  2848 | D:4      | Killed a sky beast
  2959 | D:5      | Reached skill level 5 in Fire Magic
  2998 | D:5      | Reached skill level 5 in Spellcasting
  3124 | D:5      | Noticed an ice beast
  3134 | D:5      | Killed an ice beast
  3134 | D:5      | Reached skill level 1 in Fighting
  3134 | D:5      | Reached XP level 7. HP: 38/38 MP: 8/16
  3154 | D:5      | Killed Grinder
  3154 | D:5      | Reached skill level 5 in Conjurations
  3350 | D:5      | Reached skill level 6 in Spellcasting
  3762 | D:6      | Found a staircase to the Ecumenical Temple.
  3772 | Temple   | Entered the Ecumenical Temple
  3833 | Temple   | Became a worshipper of Vehumet
  4204 | D:6      | Found an iron altar of Okawaru.
  4239 | D:6      | Reached XP level 8. HP: 43/43 MP: 12/19
  4280 | D:6      | Found a runed translucent door.
  4281 | D:6      | Noticed Crazy Yiuf
  4488 | D:6      | Killed Crazy Yiuf
  4538 | D:7      | Learned a level 4 spell: Throw Icicle
  4828 | D:7      | Learned a level 5 spell: Fireball
  4840 | D:7      | Reached skill level 7 in Spellcasting
  5068 | D:8      | Found a stormy altar of Qazlal.
  5068 | D:8      | Found an iron altar of Okawaru.
  5182 | D:8      | Found a staircase to the Lair.
  5270 | D:8      | Reached skill level 1 in Evocations
  5498 | D:8      | Noticed a two-headed ogre
  5508 | D:8      | Killed a two-headed ogre
  5508 | D:8      | Reached * piety under Vehumet
  5508 | D:8      | Offered knowledge of Sandblast by Vehumet.
  5508 | D:8      | Reached skill level 8 in Spellcasting
  5508 | D:8      | Reached skill level 1 in Ice Magic
  5508 | D:8      | Reached XP level 9. HP: 48/48 MP: 8/23
  5972 | D:9      | Reached skill level 9 in Spellcasting
  5998 | D:9      | Noticed Erolcha
  6055 | D:9      | Found a staircase to the Orcish Mines.
  6478 | D:9      | Slain by an orc warrior

Skill      XL: |  1  2  3  4  5  6  7  8  9 |
---------------+----------------------------+-----
Fire Magic     | 4 5 7 |  7.9
Short Blades   | 1 2 3 |  3.3
Stealth        | 3 |  3.1
Conjurations   | 2 3 4 6 7 8 |  8.5
Dodging        | 3 4 |  4.3
Spellcasting   | 4 5 6 8 9 |  9.6
Fighting       | 1 |  1.8
Evocations     | 1 |  1.4
Ice Magic      | 1 |  1.2

Action                   |  1- 3 |  4- 6 |  7- 9 || total
-------------------------+-------+-------+-------++-------
Melee: Short sword       |     9 |    16 |       ||    25
       Dagger            |       |       |    31 ||    31
 Cast: Flame Tongue      |    31 |    42 |    54 ||   127
       Throw Flame       |     8 |    12 |    27 ||    47
       Sticky Flame      |       |    10 |    16 ||    26
       Conjure Flame     |       |     1 |     1 ||     2
       Throw Icicle      |       |       |     6 ||     6
       Fireball          |       |       |     9 ||     9
Evoke: Wand              |       |       |     5 ||     5
  Use: Potion            |     2 |     6 |       ||     8
       Scroll            |       |       |     4 ||     4
 Stab: Sleeping          |     8 |     5 |     4 ||    17
       Paralysed         |       |       |     2 ||     2
  Eat: Chunk             |     1 |     8 |    14 ||    23
Armor: Robe              |     2 |     7 |    10 ||    19
Dodge: Dodged            |    15 |    20 |    32 ||    67
